Map: Ascension to Aiur LE

Players

SamuraiFunn - Winner!

  • Race: Protoss Protoss
  • Spawn Location: 11:00

A.I. 1 (Harder)

  • Race: Zerg Zerg
  • Spawn Location: 5:00

VOD

Have the link to the VOD?

Description

Time

  • Played on: Nov. 3, 2017, 11:16 p.m.
  • Length: 14:22
Show
View Real Time Build Order
Export as new Build Order

SamuraiFunn Protoss - Winner!

Build Orders:  

Get SALT Encoding   

  12  0:01  Probe (Chrono Boost)  
  13  0:12  Probe (Chrono Boost)  
  14  0:19  Pylon  
  14  0:23  Probe (Chrono Boost)  
  15  0:37  Probe (Chrono Boost)  
  15  0:42  Gateway  
  16  0:48  Probe (Chrono Boost)  
  17  0:56  Assimilator  
  17  0:58  Probe (Chrono Boost)  
  18  1:09  Probe (Chrono Boost)  
  19  1:14  Assimilator  
  19  1:19  Probe (Chrono Boost)  
  20  1:30  Probe (Chrono Boost)  
  21  1:34  Cybernetics Core  
  21  1:40  Pylon  
  21  1:42  Probe (Chrono Boost)  
  22  1:54  Gateway  
  22  1:55  Probe (Chrono Boost)  
  22  1:58  Zealot  
  25  2:05  Probe (Chrono Boost)  
  26  2:20  Pylon  
  26  2:23  Probe (Chrono Boost)  
  26  2:26  Warp Gate  
  27  2:39  Nexus  
  27  2:40  Probe (Chrono Boost)  
  28  2:47  Zealot  
  28  2:51  Probe (Chrono Boost)  
  31  3:09  Probe (Chrono Boost)  
  32  3:19  Twilight Council  
  32  3:23  Stargate  
  32  3:28  Probe (Chrono Boost)  
  33  3:37  Zealot  
  33  3:40  Zealot  
  37  3:56  Gateway  
  37  4:01  Probe (Chrono Boost)  
  37  4:02  Probe (Chrono Boost)  
  39  4:12  Stargate  
  39  4:16  Pylon, Charge  
  39  4:19  Pylon  
  39  4:23  Forge  
  39  4:37  Probe x2 (Chrono Boost)  
  41  4:41  Void Ray  
  45  4:47  Protoss Air Weapons Level 1  
  45  5:05  Robotics Facility  
  45  5:06  Void Ray  
  49  5:19  Stargate  
  49  5:25  Probe x2 (Chrono Boost)  
  49  5:28  Assimilator  
  51  5:33  Assimilator  
  51  5:42  Zealot  
  53  5:45  Zealot  
  53  5:48  Protoss Ground Weapons Level 1  
  55  6:03  Probe (Chrono Boost)  
  55  6:04  Probe (Chrono Boost)  
  57  6:10  Zealot x2  
  57  6:11  Zealot  
  63  6:14  Probe x2 (Chrono Boost)  
  65  6:20  Void Ray  
  65  6:22  Gateway  
  65  6:25  Probe (Chrono Boost)  
  70  6:32  Pylon  
  70  6:46  Pylon  
  70  6:49  Pylon  
  70  6:50  Probe x2 (Chrono Boost)  
  72  6:55  Nexus  
  72  7:01  Probe x2 (Chrono Boost)  
  68  7:06  Zealot x3  
  60  7:16  Photon Cannon, Void Ray  
  64  7:24  Probe x2 (Chrono Boost)  
  66  7:35  Probe x2 (Chrono Boost)  
  68  7:41  Zealot x3  
  68  7:43  Protoss Ground Armor Level 1  
  74  7:45  Probe x2 (Chrono Boost), Void Ray  
  80  7:56  Probe x2 (Chrono Boost)  
  82  8:00  Assimilator  
  82  8:03  Zealot x2  
  82  8:04  Assimilator  
  86  8:06  Probe x2 (Chrono Boost)  
  88  8:17  Probe x2 (Chrono Boost)  
  90  8:20  Probe (Chrono Boost)  
  91  8:27  Probe (Chrono Boost)  
  91  8:28  Probe (Chrono Boost)  
  93  8:42  Probe (Chrono Boost)  
  93  8:43  Probe x2 (Chrono Boost)  
  93  8:48  Zealot x4  
  98  8:50  Void Ray  
  108  8:59  Pylon  
  108  9:17  Pylon, Void Ray x2  
  108  9:21  Pylon  
  116  9:26  Nexus  
  116  9:42  Pylon  
  116  9:45  Void Ray  
  116  9:48  Zealot x3  
  116  9:49  Zealot  
  128  9:56  Warp Prism  
  128  9:59  Void Ray  
  134  10:27  Zealot x2  
  134  10:28  Zealot  
  140  10:37  Pylon, Void Ray, Warp Prism  
  140  10:39  Pylon  
  140  10:42  Pylon  
  146  10:45  Zealot  
  146  10:46  Void Ray x2  
  154  10:54  Pylon  
  152  10:57  Gateway  
  152  10:58  Gateway  
  152  11:00  Gateway  
  142  11:06  Pylon  
  142  11:09  Pylon  
  142  11:10  Zealot  
  142  11:11  Zealot x3  
  150  11:20  Void Ray  
  154  11:29  Void Ray  
  162  11:50  Void Ray  
  162  11:55  Zealot x4  
  162  11:57  Assimilator  
  162  12:00  Assimilator  
  170  12:39  Zealot x2  
  170  12:40  Zealot x2  
  170  12:41  Zealot x2  
  170  12:44  Zealot  
  184  13:17  Zealot x5  
  184  13:18  Zealot x2  
  190  13:47  Zealot x3  
  190  13:48  Zealot x3  
Show
View Real Time Build Order
Export as new Build Order

A.I. 1 (Harder) Zerg 

Build Orders: Pool First 

Get SALT Encoding   

  12  0:01  Drone  
  13  0:12  Overlord  
  13  0:16  Drone  
  14  0:30  Drone x2  
  16  0:43  Spawning Pool  
  16  0:45  Drone  
  16  0:49  Drone  
  17  0:52  Extractor  
  17  0:55  Drone  
  17  1:05  Overlord  
  17  1:30  Queen  
  17  1:31  Zergling x2  
  20  1:38  Drone, Roach Warren  
  20  1:39  Extractor  
  19  1:40  Zergling x2  
  20  1:49  Drone  
  21  1:59  Drone  
  22  2:10  Overlord  
  22  2:21  Drone  
  23  2:32  Roach  
  23  2:36  Drone  
  26  2:39  Overlord  
  26  2:41  Roach  
  28  2:50  Roach  
  30  2:59  Roach  
  32  3:09  Roach  
  32  3:11  Overlord  
  34  3:18  Roach  
  36  3:27  Roach  
  38  3:37  Roach  
  40  3:41  Overlord  
  40  3:46  Roach  
  42  3:55  Roach  
  44  3:57  Drone  
  44  4:00  Drone  
  46  4:06  Drone  
  47  4:12  Drone, Roach  
  47  4:15  Overlord  
  50  4:19  Drone  
  51  4:28  Drone  
  52  4:31  Baneling Nest  
  51  4:39  Drone, Evolution Chamber  
  51  4:44  Drone, Roach  
  54  4:53  Roach  
  56  5:02  Roach  
  58  6:19  Lair, Overlord  
  58  6:20  Zerg Melee Weapons Level 1  
  58  6:22  Spore Crawler  
  58  6:23  Spore Crawler  
  58  6:24  Drone  
  57  6:27  Hatchery  
  56  6:33  Drone  
  56  6:39  Overlord  
  57  6:55  Zergling x2  
  56  7:02  Spine Crawler  
  56  7:07  Spine Crawler  
  44  7:13  Roach  
  30  7:17  Burrow  
  30  7:20  Hydralisk Den  
  30  7:21  Roach  
  29  7:30  Roach  
  31  7:38  Queen  
  31  7:39  Roach  
  31  7:41  Drone  
  36  7:44  Extractor  
  36  7:45  Drone x3  
  36  7:46  Overseer, Drone x4  
  36  7:47  Overseer, Drone  
  36  7:48  Ravager  
  36  7:49  Drone  
  45  7:54  Hydralisk, Drone, Ravager  
  45  7:55  Drone  
  50  8:00  Drone  
  50  8:05  Drone  
  52  8:10  Drone  
  53  8:14  Zerg Missile Weapons Level 1  
  53  8:15  Ravager  
  53  8:16  Roach  
  56  8:21  Drone  
  56  8:25  Hydralisk  
  56  8:26  Drone  
  60  8:27  Drone  
  60  8:30  Drone  
  60  8:32  Drone  
  63  8:38  Drone  
  64  8:42  Hydralisk  
  66  8:51  Hydralisk, Spore Crawler  
  66  8:54  Spore Crawler  
  67  8:55  Drone  
  67  8:59  Hydralisk  
  67  9:01  Queen  
  71  9:07  Infestation Pit  
  71  9:08  Hydralisk, Drone  
  73  9:15  Spire  
  72  9:17  Roach  
  72  9:20  Spine Crawler  
  72  9:21  Drone  
  74  9:25  Spine Crawler  
  74  9:26  Drone, Roach  
  76  9:32  Evolution Chamber  
  76  9:34  Drone  
  76  9:58  Zerg Ground Armor Level 1  
  76  10:18  Extractor  
  75  10:27  Corruptor, Pneumatized Carapace  
  75  10:28  Overlord, Hive  
  77  10:35  Overseer  
  77  10:36  Infestor  
  77  10:40  Hatchery  
  78  10:55  Zergling x2  
  51  11:09  Drone  
  50  11:11  Drone  
  51  11:23  Overseer  
  51  11:30  Corruptor  
  53  11:39  Greater Spire  
  53  11:40  Corruptor  
  55  11:52  Drone x3  
  55  11:53  Drone x5  
  55  11:54  Drone x4, Infestor  
  65  11:55  Drone x5  
  65  11:56  Drone x3  
  65  11:59  Overlord  
  77  12:05  Extractor  
  77  12:06  Drone  
  77  12:09  Drone  
  77  12:12  Zergling x2  
  77  12:13  Zergling x4, Roach  
  77  12:15  Zergling x2, Drone  
  82  12:16  Zergling x2  
  71  12:37  Drone  
  71  12:39  Drone  
  71  12:41  Drone  
  71  12:43  Drone  
  75  12:44  Drone  
  75  12:47  Drone  
  75  12:48  Drone  
  75  12:49  Hatchery  
  75  12:50  Drone  
  78  12:53  Corruptor  
  86  13:00  Overlord  
  86  13:08  Drone x2  
  86  13:11  Roach  
  79  13:13  Roach, Mutalisk  
  79  13:14  Roach  
  79  13:15  Roach, Mutalisk  
  79  13:16  Roach  
  66  13:22  Hatchery  
  66  13:26  Overseer  
  43  13:29  Roach  
  43  13:33  Infestor  
  10  14:06  Drone x2  
Tags
 
Add a new tag
Caveats
  • Supply blocks, unpowered buildings, or Contaminate may cause inaccurate times.
  • Supply counts are checked every 10 seconds.